SR
LADUE RAMS @ ATHLETIC CLUB KC U-21
05/28/2034
 
TOP OF THE 1ST
Ladue Rams batting - Pitching for Athletic Club KC U-21 : LHP Ian Airy
Pitching: LHP Ian Airy
Batting: RHB Tom Smythe 0-0: SINGLE (Flyball, 7S)
Batting: RHB Noel Peterson 0-0: Called Strike
0-1: Ball
1-1: Fielders Choice at 2nd, 6-4 (Groundball, 6)
Batting: RHB Joe Mueller 0-0: Foul Ball, location: 2F
0-1: Ball
1-1: Grounds into double play, 6-4-3 (Groundball, 6)
Top of the 1st over - 0 runs, 1 hit, 0 errors, 0 left on base; Ladue 0 - Athletic Club KC 0
BOTTOM OF THE 1ST
Athletic Club KC U-21 batting - Pitching for Ladue Rams : RHP Yuto Inugami
Pitching: RHP Yuto Inugami
Batting: RHB Quinn Albracht 0-0: Ball
1-0: Swinging Strike
1-1: Ball
2-1: Called Strike
2-2: SINGLE (Flyball, 78S)
Batting: LHB Todd Baker 0-0: Foul Ball, location: 2F
0-1: Foul Ball, location: 2F
0-2: Ball
1-2: Ball
2-2: SINGLE (Flyball, 89S)
Quinn Albracht to second
Runner from 2nd tries for 3rd, SAFE, no throw
Batting: LHB Armando Romero 0-0: Called Strike
0-1: Foul Ball, location: 2F
0-2: Ball
1-2: Strikes out swinging
Batting: SHB Wesson Clumpway 0-0: SINGLE (Groundball, 4MD)
Quinn Albracht scores
Todd Baker to second
Batting: LHB Ronnie Boehmer 0-0: Foul Ball, location: 2F
0-1: Fielders Choice at 2nd, 2-6 (Groundball, 2R)
Todd Baker to third
Batting: RHB Rodrigo Sousa 0-0: Ground out 4-3 (Groundball, 34)
Bottom of the 1st over - 1 run, 3 hits, 0 errors, 2 left on base; Ladue 0 - Athletic Club KC 1
TOP OF THE 2ND
Ladue Rams batting - Pitching for Athletic Club KC U-21 : LHP Ian Airy
Batting: RHB Y-Tic Amanap 0-0: DOUBLE (Line Drive, 7D)
Batting: LHB Bill Dixon 0-0: Ball
1-0: Ball
2-0: Ball
3-0: Called Strike
3-1: SINGLE (Groundball, 15S) (infield hit)
Y-Tic Amanap to third
Batting: RHB Daron Mack 0-0: Ball
1-0: Ball
2-0: Called Strike
2-1: Swinging Strike
2-2: Strikes out swinging
Batting: RHB Ik-jun Cho 0-0: Called Strike
0-1: Called Strike
0-2: Grounds into double play, 1-6-3 (Groundball, 13S)
Top of the 2nd over - 0 runs, 2 hits, 0 errors, 1 left on base; Ladue 0 - Athletic Club KC 1
BOTTOM OF THE 2ND
Athletic Club KC U-21 batting - Pitching for Ladue Rams : RHP Yuto Inugami
Batting: SHB Howard Carpentier 0-0: Foul Ball, location: 2F
0-1: Foul Ball, location: 2F
0-2: Ground out 5-3 (Groundball, 56)
Batting: RHB Luis Santana 0-0: Ground out 6-3 (Groundball, 6)
Batting: LHB Vicente Botín 0-0: Ball
1-0: Ball
2-0: Called Strike
2-1: Swinging Strike
2-2: Strikes out looking
Bottom of the 2nd over - 0 runs, 0 hits, 0 errors, 0 left on base; Ladue 0 - Athletic Club KC 1
TOP OF THE 3RD
Ladue Rams batting - Pitching for Athletic Club KC U-21 : LHP Ian Airy
Batting: RHB Jacob King 0-0: Called Strike
0-1: Ball
1-1: Fly out, F7 (Flyball, 78M)
Batting: RHB Josip Primorac 0-0: Called Strike
0-1: Ball
1-1: Ball
2-1: Ball
3-1: Foul Ball, location: 2F
3-2: Foul Ball, location: 2F
3-2: SINGLE (Groundball, 56D)
Batting: RHB Tom Smythe 0-0: Fielders Choice at 2nd, 6-4 (Groundball, 6)
Batting: RHB Noel Peterson 0-0: Foul Ball, location: 2F
0-1: Foul Ball, location: 2F
0-2: Ball
1-2: Strikes out swinging
Top of the 3rd over - 0 runs, 1 hit, 0 errors, 1 left on base; Ladue 0 - Athletic Club KC 1
BOTTOM OF THE 3RD
Athletic Club KC U-21 batting - Pitching for Ladue Rams : RHP Yuto Inugami
Batting: RHB Quinn Albracht 0-0: Ball
1-0: Foul Ball, location: 2F
1-1: Called Strike
1-2: Strikes out swinging
Batting: LHB Todd Baker 0-0: Called Strike
0-1: Ball
1-1: Ball
2-1: Ground out 1-3 (Groundball, 13S)
Batting: LHB Armando Romero 0-0: Called Strike
0-1: DOUBLE (Flyball, 78XD)
Batting: SHB Wesson Clumpway 0-0: Fly out, F6 (Line Drive, 6M)
Bottom of the 3rd over - 0 runs, 1 hit, 0 errors, 1 left on base; Ladue 0 - Athletic Club KC 1
TOP OF THE 4TH
Ladue Rams batting - Pitching for Athletic Club KC U-21 : LHP Ian Airy
Batting: RHB Joe Mueller 0-0: Called Strike
0-1: Foul Ball, location: 2F
0-2: Ball
1-2: Strikes out swinging
Batting: RHB Y-Tic Amanap 0-0: Ball
1-0: Ground out 6-3 (Groundball, 56)
Batting: LHB Bill Dixon 0-0: Swinging Strike
0-1: Swinging Strike
0-2: Strikes out swinging
Top of the 4th over - 0 runs, 0 hits, 0 errors, 0 left on base; Ladue 0 - Athletic Club KC 1
BOTTOM OF THE 4TH
Athletic Club KC U-21 batting - Pitching for Ladue Rams : RHP Yuto Inugami
Batting: LHB Ronnie Boehmer 0-0: Ground out 4-3 (Groundball, 4MS)
Batting: RHB Rodrigo Sousa 0-0: Called Strike
0-1: Ground out 1-3 (Groundball, 15S)
Batting: SHB Howard Carpentier 0-0: Ground out 4-3 (Groundball, 4)
Bottom of the 4th over - 0 runs, 0 hits, 0 errors, 0 left on base; Ladue 0 - Athletic Club KC 1
TOP OF THE 5TH
Ladue Rams batting - Pitching for Athletic Club KC U-21 : LHP Ian Airy
Batting: RHB Daron Mack 0-0: Ball
1-0: Called Strike
1-1: Called Strike
1-2: SINGLE (Line Drive, 5D)
Batting: RHB Ik-jun Cho 0-0: Ball
1-0: Sac Bunt - play at first, batter OUT! 3-4
Daron Mack to second
Batting: RHB Jacob King 0-0: Ball
1-0: Foul Ball, location: 2F
1-1: Foul Ball, location: 2F
1-2: Ball
2-2: Ball
3-2: Foul Ball, location: 2F
3-2: Foul Ball, location: 2F
3-2: Fly out, F8 (Flyball, 8LS)
Batting: RHB Josip Primorac 0-0: Called Strike
0-1: Swinging Strike
0-2: SINGLE (Line Drive, 56)
Daron Mack to third
Batting: RHB Tom Smythe 0-0: Ball
1-0: Called Strike
1-1: Ball
2-1: Ground out 4-3 (Groundball, 4)
Top of the 5th over - 0 runs, 2 hits, 0 errors, 2 left on base; Ladue 0 - Athletic Club KC 1
BOTTOM OF THE 5TH
Athletic Club KC U-21 batting - Pitching for Ladue Rams : RHP Yuto Inugami
Batting: RHB Luis Santana 0-0: Ball
1-0: Fly out, F7 (Flyball, 78S)
Batting: LHB Vicente Botín 0-0: Fly out, F8 (Flyball, 8LD)
Batting: RHB Quinn Albracht 0-0: Ball
1-0: Called Strike
1-1: Ball
2-1: Ball
3-1: Foul Ball, location: 2F
3-2: Base on Balls
Batting: LHB Todd Baker 0-0: Ball
Quinn Albracht steals 2nd base
1-0: Foul Ball, location: 2F
1-1: Fly out, F4 (Popup, 34)
Bottom of the 5th over - 0 runs, 0 hits, 0 errors, 1 left on base; Ladue 0 - Athletic Club KC 1
TOP OF THE 6TH
Ladue Rams batting - Pitching for Athletic Club KC U-21 : LHP Ian Airy
Batting: RHB Noel Peterson 0-0: Ball
1-0: Called Strike
1-1: DOUBLE (Flyball, 89D)
Batting: RHB Joe Mueller 0-0: Called Strike
0-1: Ground out 6-3 (Groundball, 6)
Noel Peterson to third
Batting: RHB Y-Tic Amanap 0-0: Ball
1-0: Called Strike
1-1: Called Strike
1-2: Ball
2-2: Strikes out swinging
Batting: LHB Bill Dixon 0-0: Called Strike
0-1: Called Strike
0-2: Ball
1-2: Ball
2-2: Fly out, F6 (Popup, 6)
Top of the 6th over - 0 runs, 1 hit, 0 errors, 1 left on base; Ladue 0 - Athletic Club KC 1
BOTTOM OF THE 6TH
Athletic Club KC U-21 batting - Pitching for Ladue Rams : RHP Yuto Inugami
Batting: LHB Armando Romero 0-0: Ball
1-0: Ball
2-0: Ball
3-0: Called Strike
3-1: SINGLE (Groundball, 34D)
Batting: SHB Wesson Clumpway 0-0: Ball
1-0: Ball
2-0: Foul Ball, location: 2F
2-1: Fly out, F7 (Line Drive, 7)
Batting: LHB Ronnie Boehmer 0-0: Called Strike
0-1: Called Strike
0-2: Ball
1-2: Fly out, F7 (Flyball, 7LD)
Batting: RHB Rodrigo Sousa 0-0: Fielders Choice at 2nd, 6-4 (Groundball, 6)
Bottom of the 6th over - 0 runs, 1 hit, 0 errors, 1 left on base; Ladue 0 - Athletic Club KC 1
TOP OF THE 7TH
Ladue Rams batting - Pitching for Athletic Club KC U-21 : LHP Ian Airy
Batting: RHB Daron Mack 0-0: Foul Ball, location: 2F
0-1: Ball
1-1: Swinging Strike
1-2: Ball
2-2: Foul Ball, location: 2F
2-2: Ball
3-2: Base on Balls
Batting: RHB Ik-jun Cho 0-0: Bunted foul
0-1: Bunted foul
0-2: Ball
1-2: Ball
2-2: Foul Ball, location: 2F
2-2: Fly out, F7 (Flyball, 7S)
Pitching: RHP Habbo Egberts
Batting: RHB Jacob King 0-0: Grounds into double play, 6-4-3 (Groundball, 6M)
Top of the 7th over - 0 runs, 0 hits, 0 errors, 0 left on base; Ladue 0 - Athletic Club KC 1
BOTTOM OF THE 7TH
Athletic Club KC U-21 batting - Pitching for Ladue Rams : RHP Yuto Inugami
Batting: SHB Howard Carpentier 0-0: Called Strike
0-1: SINGLE (Groundball, 6MD)
Batting: RHB Luis Santana 0-0: Bunted foul
0-1: Sac Bunt - play at first, batter safe!
Howard Carpentier to second
Pinch Runner at 2nd Josh Moxon:
Batting: LHB Vicente Botín 0-0: Bunt missed!
0-1: Sac Bunt - play at first, batter OUT! 1-4
Josh Moxon to third
Luis Santana to second
Batting: RHB Quinn Albracht 0-0: Swinging Strike
0-1: Called Strike
0-2: SINGLE (Flyball, 4D)
Josh Moxon scores
Luis Santana to third
Batting: LHB Todd Baker 0-0: Ball
1-0: Ball
2-0: Ball
3-0: Called Strike
3-1: Foul Ball, location: 2F
3-2: Foul Ball, location: 2F
3-2: Fly out, F4 (Popup, 34)
Batting: LHB Armando Romero 0-0: Called Strike
0-1: Ball
1-1: Swinging Strike
1-2: Fly out, F7 (Flyball, 78XD)
Bottom of the 7th over - 1 run, 3 hits, 0 errors, 2 left on base; Ladue 0 - Athletic Club KC 2
TOP OF THE 8TH
Ladue Rams batting - Pitching for Athletic Club KC U-21 : RHP Habbo Egberts
Now at C: Jorge Ávila
Now at 1B: Jorgen Jorgenson
Batting: RHB Josip Primorac 0-0: Ball
1-0: Foul Ball, location: 2F
1-1: Ground out 5-3 (Groundball, 56S)
Batting: RHB Tom Smythe 0-0: Fly out, F8 (Flyball, 8LM)
Batting: RHB Noel Peterson 0-0: Ball
1-0: Fly out, F4 (Popup, 4S)
Top of the 8th over - 0 runs, 0 hits, 0 errors, 0 left on base; Ladue 0 - Athletic Club KC 2
BOTTOM OF THE 8TH
Athletic Club KC U-21 batting - Pitching for Ladue Rams : RHP Yuto Inugami
Batting: SHB Wesson Clumpway 0-0: Swinging Strike
0-1: Ball
1-1: Ball
2-1: Ball
3-1: Fly out, F3 (Line Drive, 3)
Batting: LHB Ronnie Boehmer 0-0: Foul Ball, location: 2F
0-1: Ball
1-1: DOUBLE (Groundball, 3L)
Batting: RHB Rodrigo Sousa 0-0: Intentional Walk
Pinch Hitting: RHB Gabriel Martínez 0-0: SINGLE (Line Drive, 9LS)
Ronnie Boehmer to third
Rodrigo Sousa to second
Runner from 3rd tries for Home, SAFE, no throw
Batting: RHB Luis Santana 0-0: Ball
1-0: Swinging Strike
1-1: Grounds into double play, 5-4-3 (Groundball, 56)
Bottom of the 8th over - 1 run, 2 hits, 0 errors, 1 left on base; Ladue 0 - Athletic Club KC 3
TOP OF THE 9TH
Ladue Rams batting - Pitching for Athletic Club KC U-21 : RHP Habbo Egberts
Pitching: RHP Vaughan Jones
Now at 1B: Francisco Castro
Batting: RHB Joe Mueller 0-0: Ball
1-0: Ball
2-0: Called Strike
2-1: Ball
3-1: Swinging Strike
3-2: Strikes out swinging
Batting: RHB Y-Tic Amanap 0-0: Fly out, F7 (Flyball, 7LD)
Batting: LHB Bill Dixon 0-0: Ball
1-0: Fly out, F2 (Popup, 2LF)
Top of the 9th over - 0 runs, 0 hits, 0 errors, 0 left on base; Ladue 0 - Athletic Club KC 3
Friday, March 29th, 2019 - OOTP Baseball 18.8 Build 76